 Dungeon Crawl Stone Soup version 0.31-a0-231-g51bb95cda3 (webtiles) character file.

Game seed: 5875346270382612961

168 qw the Shooter (level 5, -4/30 HPs)
             Began as a Gargoyle Hexslinger on July 6, 2023.
             Killed by divine providence
             ... invoked by an orc priest
              (16 damage)
             ... on level 4 of the Dungeon.
             The game lasted 00:01:07 (2336 turns).

qw the Shooter (Gargoyle Hexslinger)                Turns: 2336, Time: 00:01:08

Health: -4/30      AC: 10    Str: 11 (12) XL:     5   Next: 49%
Magic:  6/6        EV: 10    Int: 12 (13) God:
Gold:   87         SH:  0    Dex: 12 (14) Spells: 5/6 levels left

rFire   . . .        Y - +1 sling
rCold   . . .        (no shield)
rNeg    + . .        m - +0 ring mail
rPois   inf          (no helmet)
rElec   +            (no cloak)
rCorr   .            (no gloves)
SInv    +            h - +0 pair of boots
Will    .....        g - amulet of faith
Stlth   +            f - ring of see invisible
HPRegen 0.25/turn    (no ring)
MPRegen 0.10/turn

%: faith
@: no status effects
A: sickness immunity, AC +4, negative energy resistance 1, electricity
resistance, torment resistance 1, petrification resistance
a: no special abilities


You were on level 4 of the Dungeon.
You visited 1 branch of the dungeon, and saw 4 of its levels.

You collected 87 gold pieces.


Innate Abilities, Weirdness & Mutations

You are immune to sickness and miasma.
Your stone body is resilient. (AC +4)
You are immune to poison.
You resist negative energy. (rN+)
You are resistant to electric shocks. (rElec)
You are resistant to unholy torment.
You are immune to petrification.


   Skills:
 + Level 2.1 Fighting
 - Level 5.0 Ranged Weapons
 - Level 1.3 Armour
 - Level 1.5 Dodging
 - Level 1.0 Spellcasting
 - Level 2.6 Hexes


You had 5 spell levels left.
You knew the following spells:

 Your Spells              Type           Power      Damage    Failure   Level
a - Slow                  Hex            28%        N/A       24%         1

Your spell library contained the following spells:

 Spells                   Type           Power      Damage    Failure   Level
 Inner Flame              Hex/Fire       3%         N/A       77%         3
 Portal Projectile        Hex/Tloc       6%         N/A       77%         3
 Cause Fear               Hex            3%         N/A       93%         4

Inventory:

Hand Weapons
 Y - a +1 sling (weapon)
Armour
 h - a +0 pair of boots (worn)
 m - a +0 ring mail (worn)
Jewellery
 f - a ring of see invisible (left hand)
 g - an amulet of faith (around neck)
Scrolls
 a - a scroll of identify
 k - 2 scrolls of teleportation
Potions
 d - a potion of heal wounds
 e - a potion of ambrosia {unknown}
 j - a potion of resistance {unknown}
 l - a potion of haste {unknown}

Dungeon Overview and Level Annotations

Branches:
Dungeon (4/15)
 Temple: D:4-7

Altars:
Dithmenos
Nemelex Xobeh
Vehumet

Shops:
D:1 [   D:2 [

Annotations:
D:3 1 runed translucent door, Crazy Yiuf


Message History

The sling bullet hits the orc priest but does no damage.
The orc priest is lightly wounded.
The orc wizard hits you but does no damage.
You shoot a sling bullet. The sling bullet hits the orc wizard.
You kill the orc wizard!
The hound bites you but does no damage.
Your Armour skill increases to level 1!
You shoot a sling bullet. The sling bullet hits the hound.
The hound is moderately wounded.
The hound bites you but does no damage.
The orc wizard casts a spell.
The orc wizard flickers and vanishes for a moment.
The hound closely misses you.
You shoot a sling bullet.
The sling bullet barely misses the hound.
The sling bullet hits the orc priest.
The orc priest is moderately wounded.
The hound bites you but does no damage. The hound closely misses you.
You shoot a sling bullet.
The sling bullet barely misses the hound.
The sling bullet hits the orc priest but does no damage.
The orc priest is moderately wounded.
The hound closely misses you. The hound bites you but does no damage.
You shoot a sling bullet.
The sling bullet barely misses the hound.
The sling bullet hits the orc priest.
The orc priest is moderately wounded.
The hound barely misses you. The hound closely misses you.
You shoot a sling bullet. The sling bullet hits the hound.
The hound is heavily wounded.
The hound bites you but does no damage. x2
You shoot a sling bullet.
The sling bullet closely misses the hound.
The sling bullet hits the orc priest!
The orc priest is almost dead.
The hound closely misses you.
The orc priest invokes the aid of Beogh against you.
Beogh smites you!
Ouch! That really hurt!
You die...

#### #...##
.....## .....[#
......# ......#
###########.....#
..<...(<@ho.....#
##########oS.....#
........#
..o.......
#o.......##
........##
...#####... #.o.
###


You could see a hound, an orc priest, an orc wizard (invisible) and an adder.

Vanquished Creatures
  2 orc wizards
  4 adders
  2 dart slugs (D:1)
  2 worms (D:2)
  9 orcs (D:3)
  2 ball pythons
  3 bats
  2 endoplasms (D:1)
  2 giant cockroaches (D:2)
  4 goblins
  3 hobgoblins
  5 jackals
  7 kobolds
  5 quokkas
  7 frilled lizards
  5 rats
64 creatures vanquished.

Notes
Turn   | Place    | Note
-------+----------+-------------------------------------------
     0 | D:1      | qw the Gargoyle Hexslinger began the quest for the Orb.
     0 | D:1      | Reached XP level 1. HP: 12/12 MP: 2/2
     0 | D:1      | 0 ||| qw: Version: 0.3-a-46-gb1f654a
     0 | D:1      | 0 ||| qw: Game counter: 1908
     0 | D:1      | 0 ||| qw: Melee chars always use a shield: true
     0 | D:1      | 0 ||| qw: God list: Okawaru
     0 | D:1      | 0 ||| qw: Allow faded altars: false
     0 | D:1      | 0 ||| qw: Do Orc after clearing Dungeon:15 true
     0 | D:1      | 0 ||| qw: Do second Lair branch before Depths: true
     0 | D:1      | 0 ||| qw: Lair rune preference: random
     0 | D:1      | 0 ||| qw: Goals: Normal
     0 | D:1      | 0 ||| PLANNING D:1-11
   132 | D:1      | Reached XP level 2. HP: 16/16 MP: 3/3
   216 | D:1      | 216 ||| FLEEEEING.
   230 | D:1      | Reached skill level 3 in Ranged Weapons
   270 | D:1      | Found Quoskeon's Antique Armour Boutique.
   278 | D:1      | 278 ||| SHOPLISTING faintly humming leather armour (196
                  | gold, have 23).
   278 | D:1      | 278 ||| SHOPLISTING leather armour (56 gold, have 23).
   382 | D:1      | HP: 4/16 [frozen (3)]
   473 | D:1      | 473 ||| UPGRADING to +0 pair of boots.
   478 | D:1      | 478 ||| UPGRADING to +0 leather armour.
   488 | D:1      | 488 ||| DROPPING +0 robe.
   489 | D:1      | 489 ||| UPGRADING to amulet of faith.
   494 | D:1      | 494 ||| UPGRADING to ring of see invisible.
   495 | D:1      | 495 ||| DROPPING scroll of poison.
   580 | D:2      | Reached XP level 3. HP: 14/21 MP: 4/4
   812 | D:2      | Found Rarr's Antique Armour Shop.
   828 | D:2      | 828 ||| SHOPLISTING glowing ring mail (175 gold, have 33).
   828 | D:2      | 828 ||| SHOPLISTING helmet (112 gold, have 33).
   828 | D:2      | 828 ||| SHOPLISTING pair of gloves (112 gold, have 33).
   828 | D:2      | 828 ||| SHOPLISTING ring mail (100 gold, have 33).
  1002 | D:2      | Reached XP level 4. HP: 26/26 MP: 5/5
  1262 | D:2      | 1262 ||| READING scroll labelled EFFEHYSIQAXY.
  1363 | D:2      | 1363 ||| READING 2 scrolls labelled LUPHUE COMOA.
  1367 | D:2      | 1367 ||| READING scroll labelled OSUCULAMUO.
  1368 | D:2      | 1368 ||| READING scroll labelled XIADGH VEHEMUO.
  1369 | D:2      | 1369 ||| DRINKING 2 viscous blue potions.
  1370 | D:2      | 1370 ||| DROPPING potion of degeneration.
  1437 | D:3      | Found a radiant altar of Vehumet.
  1445 | D:3      | Reached skill level 4 in Ranged Weapons
  1469 | D:3      | 1469 ||| FLEEEEING.
  1470 | D:3      | 1470 ||| FLEEEEING.
  1471 | D:3      | 1471 ||| FLEEEEING.
  1472 | D:3      | 1472 ||| FLEEEEING.
  1473 | D:3      | 1473 ||| FLEEEEING.
  1474 | D:3      | 1474 ||| FLEEEEING.
  1475 | D:3      | 1475 ||| FLEEEEING.
  1476 | D:3      | 1476 ||| FLEEEEING.
  1477 | D:3      | 1477 ||| FLEEEEING.
  1478 | D:3      | 1478 ||| FLEEEEING.
  1483 | D:3      | 1483 ||| FLEEEEING.
  1484 | D:3      | 1484 ||| FLEEEEING.
  1493 | D:3      | 1493 ||| FLEEEEING.
  1494 | D:3      | 1494 ||| FLEEEEING.
  1495 | D:3      | 1495 ||| FLEEEEING.
  1496 | D:3      | 1496 ||| FLEEEEING.
  1497 | D:3      | 1497 ||| FLEEEEING.
  1498 | D:3      | 1498 ||| FLEEEEING.
  1499 | D:3      | 1499 ||| FLEEEEING.
  1718 | D:3      | Found a sparkling altar of Nemelex Xobeh.
  1767 | D:3      | Found a runed translucent door.
  1768 | D:3      | Noticed Crazy Yiuf
  1793 | D:3      | Reached XP level 5. HP: 30/30 MP: 6/6
  1866 | D:3      | Found a shadowy altar of Dithmenos.
  2085 | D:3      | Reached skill level 5 in Ranged Weapons
  2232 | D:3      | 2232 ||| DROPPING scarf of shadows.
  2233 | D:3      | 2233 ||| UPGRADING to +0 ring mail.
  2243 | D:3      | 2243 ||| DROPPING +0 leather armour.
  2244 | D:3      | 2244 ||| READING 3 scrolls labelled VENOXZ WUAG.
  2245 | D:3      | 2245 ||| READING scroll labelled ECHILA FYN YXA.
  2246 | D:3      | 2246 ||| READING scroll labelled OSAAQA OREGOTH.
  2247 | D:3      | 2247 ||| READING 2 scrolls of identify.
  2247 | D:3      | 2247 ||| IDENTIFYING golden potion
  2308 | D:4      | 2308 ||| Stepping ~*~*~tactically~*~*~ (outnumbered).
  2316 | D:4      | 2316 ||| Stepping ~*~*~tactically~*~*~ (outnumbered).
  2331 | D:4      | Reached skill level 1 in Armour
  2336 | D:4      | Killed from afar by an orc priest

Levels and vault maps discovered:
D:1:      scummos_arrival_forest, layout_basic, serial_shops, shop
D:2:      layout_basic, serial_shops, shop, minmay_misc_feat_pillars
D:3:      layout_loops_ring, mainiacjoe_overflow_small_starburst,
          general_overflow_altar, nicolae_overflow_crystal_walls,
          chequers_arboretum, uniq_crazy_yiuf_cottage
D:4:      layout_rooms, nicolae_wu_jian_wuxing_cycle, serial_rivers,
          chequers_serial_rivers_room_a, chequers_serial_rivers_small_3,
          chequers_serial_rivers_micro_e, chequers_serial_rivers_room_a,
          hellmonk_guarded_unrand_hermit

Skill      XL: |  1  2  3  4  5 |
---------------+----------------+-----
Ranged Weapons | 3 4 5 |  5.0
Fighting       | 2 |  2.1
Armour         | 1 |  1.3
Dodging        | |  1.5
Spellcasting   | |  1.0
Hexes          | |  2.6

Action                     |  1- 3 |  4- 6 || total
---------------------------+-------+-------++-------
   Fire: Sling             |   108 |   136 ||   244
    Use: Scroll            |       |     8 ||     8
         Potion            |       |     1 ||     1
 Armour: Leather armour    |    13 |    53 ||    66
         Robe              |     4 |       ||     4
         Ring mail         |       |    16 ||    16
  Dodge: Dodged            |    22 |    74 ||    96

Table legend:
 A = Non-vault XP
 B = Vault XP
 C = Vault XP percentage of total XP
 D = Non-vault monster count
 E = Vault monster count
 F = Vault count percentage of total count
                 A         B        C        D         E       F
            +---------+---------+-------+---------+---------+-------
      Total |     241 |       0 |   0.0 |      64 |       0 |   0.0
            +---------+---------+-------+---------+---------+-------
        D:1 |      26 |       0 |   0.0 |      13 |       0 |   0.0
        D:2 |      65 |       0 |   0.0 |      22 |       0 |   0.0
        D:3 |     115 |       0 |   0.0 |      28 |       0 |   0.0
        D:4 |      35 |       0 |   0.0 |       1 |       0 |   0.0
            +---------+---------+-------+---------+---------+-------
